 Dungeon Crawl Stone Soup version 0.20.1-1-g8b1a95d (webtiles) character file.

17 Ladykiller69 the Charmwright (level 2, 0/23 HPs)
             Began as a Formicid Skald on Aug 13, 2017.
             Slain by a leopard gecko (3 damage)
             ... on level 1 of the Dungeon.
             The game lasted 00:01:10 (417 turns).

Ladykiller69 the Charmwright (Formicid Skald)        Turns: 417, Time: 00:01:11

Health: 0/23       AC:  3    Str: 15    XL:     2   Next: 80%
Magic:  4/5        EV: 12    Int: 12    God:
Gold:   49         SH:  0    Dex: 10    Spells: 2/5 levels left

rFire    . . .     SeeInvis +   a - +0 hand axe
rCold    . . .     Gourm    .   (no shield)
rNeg     . . .     Faith    .   b - +0 leather armour
rPois    .         Spirit   .   (helmet unavailable)
rElec    .         Reflect  .   (no cloak)
rCorr    .         Harm     .   (no gloves)
MR       .....                  (no boots)
Stlth    +.........             (no amulet)
Regen    0.1/turn               (no ring)
MPRegen  0.1/turn               (no ring)

@: infused
A: permanent stasis, dig shafts and tunnels, four strong arms, antennae 3
a: Dig, Shaft Self


You were on level 1 of the Dungeon.
You were not hungry.

You visited 1 branch of the dungeon, and saw 1 of its levels.

You collected 49 gold pieces.

Inventory:

Hand Weapons
 a - a +0 hand axe (weapon)
Armour
 b - a +0 leather armour (worn)
Scrolls
 e - a scroll of enchant armour {unknown}
 h - a scroll of fog {unknown}
Potions
 i - a potion of cancellation {unknown}
Books
 c - a book of Battle

   Spells                             Type                      Level
   a - Infusion                       Charms                       1
   b - Shroud of Golubria             Charms/Translocation         2
   c - Song of Slaying                Charms                       2
   d - Spectral Weapon                Hexes/Charms                 3
   e - Regeneration                   Charms/Necromancy            3
Comestibles
 d - 2 bread rations
 f - a chunk of flesh
 g - 2 royal jellies


   Skills:
 + Level 2.8 Fighting
 * Level 2.3 Axes
 - Level 1.1 Armour
 - Level 2.1 Dodging
 - Level 2.1 Spellcasting
 - Level 3.0 Charms


You had 2 spell levels left.
You knew the following spells:

 Your Spells              Type           Power        Failure   Level  Hunger
a - Infusion              Chrm           #...         10%         1    ##.....
b - Shroud of Golubria    Chrm/Tloc      #.........   26%         2    ###....


Dungeon Overview and Level Annotations

Branches:
Dungeon (1/15)

Altars:


Innate Abilities, Weirdness & Mutations

You cannot be hasted, slowed, berserked, paralysed or teleported.
You can dig through walls and to a lower floor.
Your four strong arms can wield two-handed weapons with a shield.
You have a pair of large antennae on your head. (SInv)


Message History

The leopard gecko bites you.
Found a stone staircase leading down.
You hit the leopard gecko but do no damage.
The leopard gecko closely misses you.
You closely miss the leopard gecko. The leopard gecko closely misses you.
You barely miss the leopard gecko. The leopard gecko bites you.
The leopard gecko closely misses you.
Casting: Infusion
Confirm with . or Enter, or press ? or * to list all spells.
You begin infusing your attacks with magical energy.
The leopard gecko bites you. The leopard gecko closely misses you.
You are too injured to fight recklessly!
You are too injured to fight recklessly!
You are too injured to fight recklessly!
You completely miss the leopard gecko. The leopard gecko bites you. x2
* * * LOW HITPOINT WARNING * * *
Some of the chunks of flesh in your inventory have rotted away.
You closely miss the leopard gecko. The leopard gecko bites you.
You die...

..>. .#.# .#.# ... ..#
..# ####l.# # #..@..#
#. ##.###.#
#.##....#.#
#.........#
+####..##.#### .#
#........#
.####.)#.###.#
.#.........#.#
#######.#.#####รท#.#.#


You could see a leopard gecko.

Vanquished Creatures
  3 leopard geckos (D:1)
  A giant cockroach (D:1)
  2 goblins (D:1)
  2 hobgoblins (D:1)
  A bat (D:1)
  A kobold (D:1)
  4 rats (D:1)
14 creatures vanquished.

Notes
Turn   | Place    | Note
-------+----------+-------------------------------------------
     0 | D:1      | Ladykiller69 the Formicid Skald began the quest for the Orb.
     0 | D:1      | Reached XP level 1. HP: 16/16 MP: 3/3
   115 | D:1      | Reached XP level 2. HP: 22/23 MP: 1/5
   398 | D:1      | Learned a level 2 spell: Shroud of Golubria
   417 | D:1      | Slain by a leopard gecko

Skill      XL: |  1  2 |
---------------+-------+-----
Dodging        | 2 |  2.1
Fighting       | |  2.8
Axes           | |  2.3
Armour         | |  1.1
Spellcasting   | |  2.1
Charms         | |  3.0

Action                   || total
-------------------------++-------
Melee: Hand axe          ||    42
 Cast: Infusion          ||     6
Armor: Leather armour    ||    10
Dodge: Dodged            ||    31
